 Dungeon Crawl Stone Soup version 0.23.2-11-gf996548c65 (webtiles) character file.

Game seed: 4221599126078608922

23 1994 the Insei (level 3, 30/31 HPs)
             Began as a Naga Transmuter on June 3, 2019.
             Quit the game on level 1 of the Dungeon.
             The game lasted 00:08:22 (932 turns).

1994 the Insei (Naga Transmuter)                     Turns: 932, Time: 00:08:23

Health: 30/31      AC:  2    Str: 12    XL:     3   Next: 0%
Magic:  4/6        EV: 10    Int: 13    God:
Gold:   50         SH:  0    Dex: 12    Spells: 3/6 levels left

rFire    . . .     SeeInvis +     - Unarmed
rCold    . . .     Gourm    .   (no shield)
rNeg     . . .     Faith    .   b - +0 robe
rPois    +         Spirit   .   (no helmet)
rElec    .         Reflect  .   (no cloak)
rCorr    .         Harm     .   (no gloves)
MR       .....                  (no barding)
Stlth    ++........             (no amulet)
HPRegen  0.10/turn              (no ring)
MPRegen  0.10/turn              (no ring)

@: appendage (expiring), very slow
A: large, horns 2, see invisible, deformed body, poison resistance, slowness 2,
slow metabolism 1, spit poison 1, AC +1
a: Spit Poison, End Transformation


You were on level 1 of the Dungeon.
You were not hungry.
You had grown temporary horns.
You visited 1 branch of the dungeon, and saw 1 of its levels.

You collected 50 gold pieces.

Inventory:

Missiles
 a - 27 arrows
 c - 17 stones (quivered)
Armour
 b - a +0 robe (worn)
Jewellery
 g - an uncursed ring of protection from fire {unknown}
 k - an uncursed ring of wizardry {unknown}
 n - an uncursed amulet of faith {unknown}
Scrolls
 e - a scroll of blinking {unknown}
 h - a scroll of fear {unknown}
 i - a scroll of amnesia {unknown}
 l - a scroll of identify {unknown}
 o - a scroll of noise {unknown}
Potions
 j - 2 potions of flight {unknown}
 m - a potion of berserk rage {unknown}
Comestibles
 d - 7 rations
 f - 4 chunks of flesh


   Skills:
 * Level 1.5 Fighting
 - Level 1.5 Dodging
 + Level 1.2 Stealth
 * Level 3.3 Unarmed Combat
 + Level 2.1 Spellcasting
 * Level 2.3 Transmutations


You had 3 spell levels left.
You knew the following spells:

 Your Spells              Type           Power        Failure   Level  Hunger
a - Beastly Appendage     Tmut           #.....       10%         1    ##.....
b - Sticks to Snakes      Tmut           #.......     14%         2    ###....

Your spell library contained the following spells:

 Spells                   Type           Power        Failure   Level  Hunger
 Spider Form              Tmut/Pois      #.........   43%         3    ####...
 Ice Form                 Ice/Tmut       #.......     83%         4    #####..
 Blade Hands              Tmut           #.........   95%         5    ######.


Dungeon Overview and Level Annotations

Branches:
Dungeon (1/15)

Altars:


Innate Abilities, Weirdness & Mutations

You cannot wear boots.
Your serpentine skin is tough. (AC +1)
You have supernaturally acute eyesight. (SInv)
Armour fits poorly on your strangely shaped body.
Your system is resistant to poisons. (rPois)
You cover ground very slowly.
You have a slow metabolism.
You can spit poison.
You have a pair of horns on your head.


Message History

Press: ? - help, Shift-Dir - straight line, f - you Really target yourself?
Okay, then.
Unknown command.
Unknown command.
Unknown command.
You start waiting.
The rat is too close now for your liking.
Casting: Beastly Appendage (safe; 10% risk of failure)
Confirm with . or Enter, or press ? or * to list all spells.
You grow a pair of large bovine horns.
Your transformation is almost over.
You closely miss the rat. Your headbutt misses the rat. The rat bites you.
You hit the rat. You headbutt the rat.
You kill the rat!
You have reached level 3!
Your experience leads to an increase in your attributes!
Increase (S)trength, (I)ntelligence, or (D)exterity?
You feel agile.
Your skin feels tougher.
Are you sure you want to abandon this character and quit the game? (Confirm with "yes".)

.##.##.....##.#
#....#.'#.#####.##.
#.#rg#.#.##.#.##.#. ##
#.#..#.#.#.#.#.#.#.
#.... ..#.#.#.#<#.#.#.
#.#. ..#.###.###.#.#.
... #.#.#.##...##.#.
##^#g##.#.##.####..##.
#...>@..##.##.....##.#
##.#.#...##.#######.##
#......#..##....#..##.
##.#.#.##..#########..
#......###...........#
##.#.#.# ####.#.......
#......# #.........
##.#.#.# ###.......
#......# #.......


You could see a goblin (wandering).

Vanquished Creatures
  An ooze (D:1)
  A dart slug (D:1)
  3 bats (D:1)
  A giant cockroach (D:1)
  A goblin (D:1)
  3 hobgoblins (D:1)
  3 kobolds (D:1)
  4 rats (D:1)
17 creatures vanquished.

Notes
Turn   | Place    | Note
-------+----------+-------------------------------------------
     0 | D:1      | 1994 the Naga Transmuter began the quest for the Orb.
     0 | D:1      | Reached XP level 1. HP: 18/18 MP: 3/3
   402 | D:1      | Reached XP level 2. HP: 21/25 MP: 3/5
   512 | D:1      | Reached skill level 1 in Stealth
   627 | D:1      | Learned a level 2 spell: Sticks to Snakes
   931 | D:1      | Reached XP level 3. HP: 30/31 MP: 4/6
   932 | D:1      | Quit the game

Skill      XL: |  1  2 |
---------------+-------+-----
Stealth        | 1 |  1.2
Fighting       | |  1.5
Dodging        | |  1.5
Unarmed Combat | |  3.3
Spellcasting   | |  2.1
Transmutations | |  2.3

Action                   || total
-------------------------++-------
Melee: Unarmed           ||    25
       Headbutt          ||     5
 Cast: Beastly Appendage ||     9
 Abil: Spit Poison       ||    14
 Stab: Distracted        ||     1
Armor: Robe              ||     1
Dodge: Dodged            ||     9
